 Dungeon Crawl Stone Soup version 0.17-a0-1092-gc664a5b (webtiles) character file.

1468 Kisielow the Protected (level 8, 0/73 (74) HPs)
             Began as a Minotaur Chaos Knight on May 20, 2015.
             Slain by a gnoll
             ... wielding a +0 halberd
              (5 damage)
             ... on level 6 of the Dungeon.
             The game lasted 00:12:39 (4571 turns).

Kisielow the Protected (Minotaur Chaos Knight)      Turns: 4571, Time: 00:12:39

HP:   0/73 (74)     AC: 11    Str: 18    XL:     8   Next: 48%
MP:   7/7           EV: 10    Int:  9    God:    Xom [.*....]
Gold: 317           SH:  0    Dex: 11    Spells: 0 memorised, 7 levels left

rFire  + . .     SeeInvis .     r - +0 flail (holy)
rCold  + . .     Clarity  .     i - +0 chain mail (curse)
rNeg   . . .     SustAb   .     (no shield)
rPois  +         Gourm    .     (helmet restricted)
rElec  .         Spirit   .     (no cloak)
rCorr  .         Warding  .     (no gloves)
rMut   .         Stasis   .     (no boots)
MR     .....                    (no amulet)
Stlth  ..........               j - ring of protection from fire
                                n - ring of protection from cold (curse)

@: not resistant to hostile enchantments, extremely unstealthy
A: retaliatory headbutt, horns 2, repulsion field 1, poison resistance, wild
magic 1
a: Renounce Religion


You were on level 6 of the Dungeon.
You worshipped Xom.
You were a plaything of Xom.
You were hungry.

You visited 1 branch of the dungeon, and saw 6 of its levels.
You also visited: Sewer.

You collected 317 gold pieces.

Inventory:

Hand weapons
 a - a +0 mace of chaos
 k - the +8 spear of Valiance {pierce, rF- rN+ MR++}
   (You found it on level 4 of the Dungeon)

   It inflicts extra damage upon your enemies.
   It makes you vulnerable to fire.
   It protects you from negative energy.
   It affects your resistance to hostile enchantments.
 r - a +0 flail of holy wrath (weapon)
Armour
 i - a cursed +0 chain mail (worn)
Jewellery
 b - an uncursed ring of poison resistance
 j - a ring of protection from fire (right hand)
 n - a cursed ring of protection from cold (left hand)
Magical devices
 f - a wand of digging (11)
 h - a wand of fireball (7)
 y - a wand of digging (19)
Scrolls
 e - 4 scrolls of teleportation
 g - 3 scrolls of identify
 l - a scroll of amnesia
 m - 3 scrolls of blinking
 p - a scroll of noise {unknown}
 t - 2 scrolls of remove curse {unknown}
 u - 2 scrolls of immolation {unknown}
 x - a scroll of fog {unknown}
 z - a scroll of magic mapping {unknown}
Potions
 d - 5 potions of curing
 o - 2 potions of agility
 v - 4 potions of brilliance
 w - 4 potions of heal wounds
Comestibles
 c - 3 bread rations
 q - 4 chunks of flesh
 s - 2 meat rations
 A - a royal jelly


   Skills:
 * Level 7.9 Fighting
 - Level 7.2 Maces & Flails
 * Level 8.8 Armour
 - Level 1.1 Dodging


You had 7 spell levels left.
You didn't know any spells.

Dungeon Overview and Level Annotations

Branches:
Dungeon (6/15)
 Temple: D:4-7

Altars:
Kikubaaqudgha
Ru
The Shining One

Shops:
D:4 !   D:5 *


Innate Abilities, Weirdness & Mutations

You reflexively headbutt those who attack you in melee.
You have a pair of horns on your head.
You are surrounded by a mild repulsion field (EV +2).
Your system is resistant to poisons.
Your spells are a little harder to cast, but a little more powerful.


Message History

* * * LOW HITPOINT WARNING * * *
The iguana closely misses you. You furiously retaliate!
You headbutt the iguana. You hit the iguana.
The iguana is almost dead.
The gnoll hits you but does no damage. The iguana bites you.
* * * LOW HITPOINT WARNING * * *
You completely miss the iguana. You headbutt the iguana.
The iguana is almost dead.
The gnoll barely misses you. The iguana completely misses you.
Unknown command.
You hit the iguana.
You kill the iguana!
The gnoll barely misses you.
Items here: )) ††† a spear x2 an iguana corpse; a gnoll corpse; a gnoll corpse The gnoll hits you with a halberd.
You die...
Xom yawns loudly!

...............#
...............#
..)............#
.........(.....# #
...............# (.
<.............#######...
.).....#......)#.......♣
.......#######.)........
......... #.g@......♣
##...<.... #.......$..
......... ............#
###........#.........#
... ...#..........#
..#.#.........#
.#.##.........# .#
#.........#


You could see a gnoll.

Vanquished Creatures
  The ghost of Mortvert the Ruffian, an average DrTm of Nemelex Xobeh (D:5)
  Grinder (D:4)
  Sigmund (D:5)
  Duvessa (D:5)
  An ogre (D:6)
  A necrophage (D:5)
  Dowan (D:5)
  An orc priest (D:3)
  An orc wizard (D:5)
  2 iguanas
  A quasit (D:4)
  3 worker ants
  9 adders
  10 gnolls
  3 river rats (Sewer)
  2 shadow imps
  An ooze (Sewer)
  An adder skeleton (D:5)
  3 worms
  4 giant geckos
  17 orcs
  A bat skeleton (D:4)
  8 giant cockroaches
  11 hobgoblins
  8 jackals
  28 kobolds
  3 quokkas
  4 ball pythons (Sewer)
  10 bats
  7 giant newts
  4 goblins
  A jackal skeleton (D:4)
  35 rats
185 creatures vanquished.

Notes
Turn   | Place    | Note
--------------------------------------------------------------
     0 | D:1      | Kisielow the Minotaur Chaos Knight began the quest for the Orb.
     0 | D:1      | Reached XP level 1. HP: 19/19 MP: 0/0
    48 | D:1      | You fall through a shaft!
    75 | D:2      | Reached skill level 4 in Maces & Flails
    75 | D:2      | Reached XP level 2. HP: 26/26 MP: 1/1
   100 | D:2      | Reached skill level 5 in Maces & Flails
   170 | D:2      | Reached XP level 3. HP: 31/31 MP: 2/2
   264 | D:2      | XOM: silly message
   661 | D:1      | XOM: divination: detect creatures
   896 | D:2      | Found a sacrificial altar of Ru.
   936 | D:2      | Reached skill level 6 in Maces & Flails
   936 | D:2      | Reached XP level 4. HP: 39/39 MP: 3/3
  1043 | D:2      | XOM: smoke on damage
  1044 | D:2      | XOM: enchant monster (good)
  1195 | D:3      | Reached skill level 7 in Maces & Flails
  1195 | D:3      | Reached XP level 5. HP: 33/45 MP: 4/4
  1652 | D:3      | XOM: colour smoke trail
  1680 | D:3      | Found a glowing drain.
  1686 | Sewer    | Entered a sewer
  1738 | Sewer    | XOM: colour smoke trail
  1782 | Sewer    | XOM: enchant monster (good)
  1795 | Sewer    | XOM is BORED!
  1795 | Sewer    | XOM: mild Summ miscast
  1796 | Sewer    | Noticed a spatial vortex
  1967 | Sewer    | XOM: polymorph river rat -> rat
  1980 | Sewer    | Reached XP level 6. HP: 23/53 MP: 5/5
  2044 | Sewer    | XOM: mild Erth miscast
  2666 | D:3      | XOM is BORED!
  2666 | D:3      | XOM: mild Pois miscast
  2774 | D:3      | Gained mutation: You are surrounded by a mild repulsion field (EV +2). [potion of mutation]
  2774 | D:3      | Gained mutation: Your system is resistant to poisons. [potion of mutation]
  2774 | D:3      | Gained mutation: Your spells are a little harder to cast, but a little more powerful. [potion of mutation]
  2817 | D:3      | XOM: mild Ice miscast
  2973 | D:3      | Found a sacrificial altar of Ru.
  2973 | D:3      | Found an ancient bone altar of Kikubaaqudgha.
  3028 | D:4      | XOM: cast spell 'Beastly Appendage'
  3033 | D:4      | Reached skill level 5 in Fighting
  3327 | D:4      | XOM: mild Summ miscast
  3855 | D:4      | Found Kinokkir's Distillery.
  3856 | D:4      | Got a bloodstained spear
  3857 | D:4      | Identified the +8 spear of Valiance {pierce, rF- rN+ MR++} (You found it on level 4 of the Dungeon)
  3932 | D:4      | Noticed Grinder
  3936 | D:4      | XOM: confuse monster(s)
  3950 | D:4      | Killed Grinder
  3950 | D:4      | Reached skill level 5 in Armour
  3950 | D:4      | Reached XP level 7. HP: 49/63 MP: 6/6
  4042 | D:5      | Entered Level 5 of the Dungeon
  4115 | D:5      | Found Herulom's Elemental Accessories.
  4160 | D:5      | Noticed Mortvert's ghost (average DrTm)
  4172 | D:5      | XOM: mild Hex miscast
  4186 | D:5      | Killed Mortvert's ghost
  4216 | D:5      | XOM: vitrification
  4217 | D:5      | Noticed Duvessa
  4218 | D:5      | Noticed Dowan
  4228 | D:5      | XOM: repel stairs
  4231 | D:5      | XOM: noise
  4232 | D:5      | Killed Duvessa
  4238 | D:5      | Killed Dowan
  4238 | D:5      | Reached XP level 8. HP: 30/73 MP: 7/7
  4424 | D:5      | Noticed Sigmund
  4431 | D:5      | XOM: confusion (+ monsters)
  4440 | D:5      | Killed Sigmund
  4440 | D:5      | Reached skill level 8 in Armour
  4448 | D:5      | Found a glowing golden altar of the Shining One.
  4551 | D:6      | XOM: enchant monster (bad)
  4571 | D:6      | Slain by a gnoll

Vault maps used:
D:1:      roderic_chinese_lattice_arrival, due_unseen_surprise
D:2:      hangedman_ru_absence
D:3:      gammafunk_temple_overflow_wave, first_bread, portal_sewer_entry_e,
          grunt_ministairs_9, minivault_11
D:4:      serial_shops, shop, uniq_grinder
D:5:      tso_oasis_becter, nicolae_elemental_shop, uniq_sigmund, uniq_duvessa
D:6:      wad_pebble_path, lemuel_coloured_pillars_altar,
          minmay_temple_entry_trees, uniq_eustachio
Sewer:    sewer_minmay_treatment

Action                   |  1- 3 |  4- 6 |  7- 9 || total
-------------------------+-------+-------+-------++-------
Melee: Mace              |    60 |    21 |       ||    81
       Flail             |       |   271 |   114 ||   385
Evoke: Wand              |       |     1 |       ||     1
  Use: Scroll            |     4 |       |       ||     4
       Potion            |       |    10 |     4 ||    14
 Stab: Paralysed         |       |     6 |       ||     6
       Sleeping          |       |     1 |       ||     1
       Confused          |       |     1 |       ||     1
  Eat: Chunk             |       |     9 |     3 ||    12
